[Event "Turkish Women-ch Arzum 2022"]
[Site "Ayvalik"]
[Date "2022.03.06"]
[Round "2.18"]
[White "Kocyigit, Buse Naz"]
[Black "Karatiken, Beray"]
[Result "1-0"]
[ECO "C41"]
[WhiteElo "2023"]
[BlackElo "1380"]
[Annotator "NA"]
[PlyCount "105"]
[EventDate "2022.03.04"]
[EventType "swiss"]
[EventCountry "TUR"]
[SourceTitle "playchess.com"]
[Source "ChessBase"]
[SourceQuality "1"]
[TimeControl "5400+30"]

1. Nf3 Nf6 2. d4 d6 3. Nc3 Nbd7 4. e4 e5 5. g4 exd4 ({Black should try} 5... Nxg4 $11 6. Rg1 {[#]} exd4 $1 7. Nxd4 Ngf6) 6. Nxd4 Nc5 {[%emt 0:02:30] [#]} (6... d5 $14) 7. g5 $1 Nfd7 8. Be3 c6 {[%emt 0:04:30] [#]} 9. Qd2 $1 Qc7 10. O-O-O b5 11. Nf5 b4 12. Nb1 Ne5 13. Nxd6+ Bxd6 14. Qxd6 Qxd6 15. Rxd6 Nxe4 $16 16. Rd4 f5 17. gxf6 Nxf6 18. Rxb4 O-O 19. Nc3 Nfg4 20. Bc5 Rf7 21. f4 Nd7 22. Bd6 a5 23. Rd4 Ba6 24. Bg2 Rc8 25. Ne4 c5 26. Rd2 Ne3 27. Ng5 Rf6 28. Be7 Rxf4 29. Bh3 Re8 30. Rxd7 h6 31. Ne6 Rf2 32. Bxc5 Rxc2+ 33. Kb1 Rb8 34. Bd4 Rb7 35. Rxb7 Bxb7 36. Bxe3 Re2 37. Rg1 Rxe3 38. Rxg7+ Kh8 39. Rxb7 Rxh3 40. Ra7 Rxh2 41. Rxa5 Rh1+ 42. Kc2 Rh2+ 43. Kc3 Kg8 44. b4 Kf7 45. Nd4 h5 46. b5 Ke7 47. b6 Rh3+ 48. Kc4 Kd7 49. Kd5 Rc3 50. Ra7+ Kc8 51. b7+ Kc7 52. Nb5+ Kb8 53. Ke4 1-0

[Event "Turkish Women-ch Arzum 2022"]
[Site "Ayvalik"]
[Date "2022.03.06"]
[Round "2.20"]
[White "Onur, Cigdem"]
[Black "Bursali, Ela"]
[Result "1/2-1/2"]
[ECO "D00"]
[WhiteElo "2012"]
[BlackElo "1353"]
[Annotator "NA"]
[PlyCount "57"]
[EventDate "2022.03.04"]
[EventType "swiss"]
[EventCountry "TUR"]
[SourceTitle "playchess.com"]
[Source "ChessBase"]
[SourceQuality "1"]
[TimeControl "5400+30"]

1. d4 d5 2. Bf4 Nf6 3. e3 c5 4. Nc3 a6 5. dxc5 Nc6 6. Nf3 e6 7. Na4 Nd7 8. c4 ({Much weaker is} 8. Bd6 Bxd6 9. cxd6 b5 $15) 8... Qa5+ (8... Nxc5 $11 9. Nxc5 Bxc5) 9. Nc3 dxc4 10. Bxc4 Bxc5 11. a3 b5 12. Bd3 ({But not} 12. b4 Nxb4 13. axb4 Qxb4 14. Bxb5 Qxc3+ 15. Kf1 O-O $15) 12... b4 ({Better is} 12... Be7 $14) 13. axb4 Qxb4 14. O-O Nf6 $18 (14... Be7 $16 {keeps fighting.}) 15. Ra4 Qb7 16. Rc4 Be7 17. Ne4 Nd5 18. Bd6 O-O 19. Nc5 Qxb2 20. Bxe7 Ncxe7 21. Bxh7+ Kxh7 22. Rh4+ Kg8 23. Ng5 Ng6 24. Nce4 Nxh4 25. Qh5 Rd8 26. Qxf7+ Kh8 27. Qh5+ Kg8 28. Qf7+ Kh8 29. Qh5+ 1/2-1/2

[Event "Turkish Women-ch Arzum 2022"]
[Site "Ayvalik"]
[Date "2022.03.06"]
[Round "2.21"]
[White "Aksoy, Duru"]
[Black "Ince, Safiye Oyku"]
[Result "0-1"]
[ECO "A00"]
[WhiteElo "1223"]
[BlackElo "1893"]
[Annotator "NA"]
[PlyCount "68"]
[EventDate "2022.03.04"]
[EventType "swiss"]
[EventCountry "TUR"]
[SourceTitle "playchess.com"]
[Source "ChessBase"]
[SourceQuality "1"]
[TimeControl "5400+30"]

1. b4 e6 2. Bb2 Nf6 3. b5 d5 4. e3 Bd6 5. Nf3 Nbd7 6. Be2 e5 7. c4 (7. d4 $11 Qe7 8. O-O) 7... e4 8. Nd4 $1 dxc4 9. Bxc4 Ne5 10. Qc2 (10. Be2 $11 {remains equal.}) 10... O-O 11. O-O (11. Be2 $1 $11) 11... Nxc4 12. Qxc4 {[%emt 0:01:30] [#]} Bxh2+ $1 13. Kxh2 Ng4+ 14. Kg3 $2 (14. Kg1 $17 Qd6 15. Nf3 (15. Rc1 $2 Qh2+ 16. Kf1 Ne5 $19) 15... exf3 16. Qf4) 14... Qd6+ ({And not} 14... Ne5 15. Qc3 Qd6 16. Ba3 Qg6+ 17. Kh2 Nf3+ 18. gxf3 $11) 15. f4 exf3+ 16. Kxf3 Ne5+ 17. Ke2 Nxc4 18. Bc3 Bg4+ 19. Nf3 Qg3 20. Rf2 Nd6 21. d3 Nxb5 22. Be1 Qe5 23. d4 Nxd4+ 24. Kf1 $19 Nxf3 25. Bc3 Nh2+ 26. Kg1 Qxe3 27. Bd2 Qd4 28. Nc3 Be6 29. Rd1 Ng4 30. Be1 Qe3 31. Nb1 Rad8 32. Bd2 Qxf2+ 33. Kh1 Bd5 34. Rg1 Qh4# 0-1

[Event "Turkish Women-ch Arzum 2022"]
[Site "Ayvalik"]
[Date "2022.03.06"]
[Round "2.22"]
[White "Hereklioglu, Sude"]
[Black "Susin, Derya Defne"]
[Result "1-0"]
[ECO "D02"]
[WhiteElo "1924"]
[BlackElo "1285"]
[Annotator "NA"]
[PlyCount "51"]
[EventDate "2022.03.04"]
[EventType "swiss"]
[EventCountry "TUR"]
[SourceTitle "playchess.com"]
[Source "ChessBase"]
[SourceQuality "1"]
[TimeControl "5400+30"]

1. Nf3 Nf6 2. g3 g6 3. Bg2 Bg7 4. O-O d5 5. d4 O-O 6. b3 c6 (6... c5 {is superior.}) 7. Bb2 Bf5 8. Nbd2 Nbd7 9. c4 Qb6 10. c5 Qc7 11. Nh4 e6 12. f3 (12. Nxf5 $11 exf5 13. a4) 12... g5 (12... Bh6 $15) 13. Nxf5 exf5 14. e4 fxe4 (14... f4 $11 {keeps the balance.}) 15. fxe4 dxe4 16. Nxe4 (16. Bxe4 $16 h6 17. Bb1) 16... Nxe4 17. Bxe4 Nxc5 $11 18. Bb1 Ne6 19. Qd3 Rfd8 20. Qxh7+ Kf8 21. d5 Nd4 22. Bg6 Rd7 23. Rad1 Ne2+ 24. Kh1 Bxb2 25. d6 f6 26. Qh8# 1-0

[Event "Turkish Women-ch Arzum 2022"]
[Site "Ayvalik"]
[Date "2022.03.06"]
[Round "2.23"]
[White "Buyuk, Elvin Esma"]
[Black "Incecik, Seyma Zeynep"]
[Result "0-1"]
[ECO "A06"]
[WhiteElo "1326"]
[BlackElo "1777"]
[Annotator "NA"]
[PlyCount "66"]
[EventDate "2022.03.04"]
[EventType "swiss"]
[EventCountry "TUR"]
[SourceTitle "playchess.com"]
[Source "ChessBase"]
[SourceQuality "1"]
[TimeControl "5400+30"]

1. d4 d5 2. Nf3 Nf6 3. c4 e6 4. e3 c6 5. b3 Nbd7 6. Bb2 Bd6 7. Bd3 b6 8. O-O Bb7 9. Nbd2 O-O 10. Ne5 c5 11. Qc2 h6 12. Rac1 Rc8 13. Qb1 Bxe5 14. dxe5 Ng4 15. cxd5 Ndxe5 16. Bh7+ Kh8 17. h3 Nf6 18. Bxe5 Qxd5 19. Nf3 Nxh7 20. Rfd1 Qc6 21. Rd6 Qe8 22. Nh4 Rc6 23. Rd2 Rc8 24. Rcd1 Bc6 25. Nf3 Bxf3 26. gxf3 Ng5 27. Kg2 f6 28. f4 Qc6+ 29. Kf1 Qh1+ 30. Ke2 Qf3+ 31. Ke1 Ne4 32. Bb2 Nxd2 33. Rxd2 Qh1+ 0-1

[Event "Turkish Women-ch Arzum 2022"]
[Site "Ayvalik"]
[Date "2022.03.06"]
[Round "2.24"]
[White "Gedik, Eylul Ceren"]
[Black "Engel, Ecrin Tuana"]
[Result "0-1"]
[ECO "B33"]
[WhiteElo "1282"]
[BlackElo "1250"]
[Annotator "NA"]
[PlyCount "88"]
[EventDate "2022.03.04"]
[EventType "swiss"]
[EventCountry "TUR"]
[SourceTitle "playchess.com"]
[Source "ChessBase"]
[SourceQuality "1"]
[TimeControl "5400+30"]

1. e4 c5 2. Nf3 Nc6 3. d4 cxd4 4. Nxd4 Qb6 5. Nb3 Nf6 6. Nc3 e6 7. Qe2 a6 8. g4 d6 9. Be3 Qc7 10. g5 Nd7 11. f4 Be7 12. O-O-O b5 13. Qf2 Bb7 14. Bg2 Rc8 15. Kb1 Na5 16. h4 Nc4 17. Bc1 f6 18. f5 exf5 19. exf5 Ndb6 20. Nd4 Kf7 21. Ne6 Qd7 22. g6+ Kg8 23. gxh7+ Rxh7 24. Bxb7 Qxb7 25. h5 b4 26. Ne2 Na3+ 27. bxa3 bxa3 28. N2d4 Na4+ 29. Ka1 Nc3 30. Nb3 Nxd1 31. Rxd1 Rxh5 32. Bxa3 Rh1 33. Rxh1 Qxh1+ 34. Kb2 Qe4 35. Ned4 Qg4 36. Qe3 Rc7 37. Qe6+ Kh7 38. Bb4 Rb7 39. Bxd6 Qxd4+ 40. Kc1 Qxd6 41. Qe1 Qf4+ 42. Kb1 Rd7 43. Qh1+ Qh6 44. Qc6 Ba3 0-1

[Event "Turkish Women-ch Arzum 2022"]
[Site "Ayvalik"]
[Date "2022.03.06"]
[Round "2.25"]
[White "Bodur, Ilke Lal"]
[Black "Turunz, Dilek"]
[Result "0-1"]
[ECO "B22"]
[WhiteElo "1151"]
[BlackElo "1443"]
[Annotator "NA"]
[PlyCount "66"]
[EventDate "2022.03.04"]
[EventType "swiss"]
[EventCountry "TUR"]
[SourceTitle "playchess.com"]
[Source "ChessBase"]
[SourceQuality "1"]
[TimeControl "5400+30"]

1. e4 c5 2. c3 Qa5 3. Nf3 Nc6 4. Bc4 Nf6 5. e5 d5 6. exd6 exd6 7. Qb3 Qc7 8. O-O Na5 9. Re1+ Be7 10. Qa4+ Bd7 11. Bb5 Bxb5 12. Qxb5+ Nc6 13. d4 O-O 14. Qd3 d5 15. b3 cxd4 16. Nxd4 Bc5 17. h3 Bxd4 18. Ba3 Rfe8 19. Nd2 Bb6 20. Nf3 Ne4 21. Nd4 Qf4 22. Re2 Ne5 23. Qc2 Nxc3 24. Bc1 Nxe2+ 25. Nxe2 Qxf2+ 26. Kh1 Nf3 27. gxf3 Qf1+ 28. Kh2 Rxe2+ 29. Qxe2 Qxe2+ 30. Kg3 Bf2+ 31. Kg4 h5+ 32. Kf4 Re8 33. h4 Qe5# 0-1

[Event "Turkish Women-ch Arzum 2022"]
[Site "Ayvalik"]
[Date "2022.03.06"]
[Round "2.33"]
[White "Ozturk, Busra"]
[Black "Oztatar, Meleknaz"]
[Result "0-1"]
[ECO "B01"]
[WhiteElo "1100"]
[BlackElo "1063"]
[Annotator "NA"]
[PlyCount "68"]
[EventDate "2022.03.04"]
[EventType "swiss"]
[EventCountry "TUR"]
[SourceTitle "playchess.com"]
[Source "ChessBase"]
[SourceQuality "1"]
[TimeControl "5400+30"]

1. e4 d5 2. exd5 Qxd5 3. Nc3 Qa5 4. Nf3 Nf6 5. d4 Bf5 6. Bc4 e6 7. a3 c6 8. Bd2 Qc7 9. h3 Bd6 10. Qe2 O-O 11. O-O-O Nbd7 12. g4 Bg6 13. Nh4 b5 14. Nxg6 hxg6 15. Bd3 b4 16. axb4 Bxb4 17. h4 Bxc3 18. Bxc3 Qf4+ 19. Bd2 Qxg4 20. f3 Qxd4 21. Bg5 Qa4 22. Kb1 Rab8 23. Bxg6 fxg6 24. Qxe6+ Rf7 25. Rd3 Re8 26. Qd6 Re2 27. Rb3 Rfe7 28. Qd1 Qa5 29. Rc3 Qb6 30. h5 gxh5 31. Rd3 Qf2 32. Bh4 Qg2 33. Rxd7 Rxd7 34. Qc1 Rxc2 0-1

[Event "Turkish Women-ch Arzum 2022"]
[Site "Ayvalik"]
[Date "2022.03.06"]
[Round "2.34"]
[White "Mullakutukcu, Ela"]
[Black "Kum, Busra"]
[Result "1-0"]
[ECO "A48"]
[WhiteElo "1154"]
[BlackElo "1062"]
[Annotator "NA"]
[PlyCount "109"]
[EventDate "2022.03.04"]
[EventType "swiss"]
[EventCountry "TUR"]
[SourceTitle "playchess.com"]
[Source "ChessBase"]
[SourceQuality "1"]
[TimeControl "5400+30"]

1. d4 Nf6 2. Bf4 d6 3. e3 g6 4. Be2 Bg7 5. h3 Nbd7 6. Nf3 c5 7. O-O Qb6 8. Nc3 O-O 9. Rb1 cxd4 10. exd4 Re8 11. Be3 Qd8 12. Bf4 e5 13. dxe5 dxe5 14. Nxe5 Nxe5 15. Qxd8 Rxd8 16. Bxe5 Bf5 17. Rbc1 Rd2 18. g4 Be6 19. Rfd1 Rxd1+ 20. Rxd1 a6 21. Bf3 Re8 22. g5 Nh5 23. Bxg7 Kxg7 24. Bxh5 gxh5 25. Kh2 Bf5 26. Rd2 Re1 27. Ne2 h4 28. Nf4 Be4 29. Ng2 Rc1 30. Nxh4 Bxc2 31. f4 Be4 32. f5 Rc2 33. Rxc2 Bxc2 34. Kg3 h6 35. Kg4 b5 36. b4 h5+ 37. Kf4 Bd3 38. Nf3 Bf1 39. h4 Kf8 40. Ke5 Ke7 41. Nd4 Bg2 42. Ne2 Bf3 43. Nf4 Bd1 44. Nd5+ Kf8 45. Nc7 a5 46. bxa5 b4 47. a6 Bf3 48. a7 Ke7 49. Nd5+ Bxd5 50. Kxd5 b3 51. axb3 f6 52. a8=Q fxg5 53. hxg5 h4 54. Qb7+ Kf8 55. g6 1-0

[Event "Turkish Women-ch Arzum 2022"]
[Site "Ayvalik"]
[Date "2022.03.06"]
[Round "3.1"]
[White "Baloglu, Dila"]
[Black "Atalik, Ekaterina"]
[Result "1/2-1/2"]
[ECO "C47"]
[WhiteElo "1630"]
[BlackElo "2415"]
[Annotator "ChessBase"]
[PlyCount "85"]
[EventDate "2022.03.04"]
[EventType "swiss"]
[EventCountry "TUR"]
[SourceTitle "playchess.com"]
[Source "ChessBase"]
[SourceQuality "1"]
[TimeControl "5400+30"]

1. e4 e5 2. Nf3 Nc6 3. Nc3 Nf6 4. a3 d6 5. d4 exd4 6. Nxd4 Be7 7. Be2 O-O 8. Be3 Bd7 9. f4 Nxd4 10. Bxd4 Bc6 11. Bf3 Re8 12. Qd3 Nd7 13. O-O-O Bf6 14. Nd5 Bxd5 15. exd5 a5 16. g4 Bxd4 17. Qxd4 Qf6 18. Qxf6 Nxf6 19. Rhe1 h6 20. h4 Kf8 21. Kd2 Nd7 22. Rxe8+ Rxe8 23. Re1 Ra8 24. a4 Rb8 25. b3 Nc5 26. Kc3 f6 27. h5 Kf7 28. Be4 Kf8 29. Bg6 Na6 30. Kd4 c6 31. c4 Nc7 32. Re3 Ra8 33. Be4 Ra6 34. Kc3 cxd5 35. Bxd5 Rb6 36. Be4 Rb4 37. Kd4 Rb6 38. Bd5 Na6 39. Be4 Nc7 40. Bd5 Rb4 41. Be4 Rb6 42. Bd5 Rb4 43. Be4 1/2-1/2

[Event "Turkish Women-ch Arzum 2022"]
[Site "Ayvalik"]
[Date "2022.03.06"]
[Round "3.2"]
[White "Yurdakul, Didem Nuray"]
[Black "Isgenderova, Hayale"]
[Result "0-1"]
[ECO "B22"]
[WhiteElo "1804"]
[BlackElo "2202"]
[Annotator "ChessBase"]
[PlyCount "62"]
[EventDate "2022.03.04"]
[EventType "swiss"]
[EventCountry "TUR"]
[SourceTitle "playchess.com"]
[Source "ChessBase"]
[SourceQuality "1"]
[TimeControl "5400+30"]

1. e4 c5 2. Nf3 e6 3. c3 d5 4. exd5 Qxd5 5. d4 Nf6 6. Bd3 Nc6 7. O-O cxd4 8. cxd4 Be7 9. Nc3 Qa5 10. Be3 O-O 11. Rc1 Rd8 12. Qe2 Nb4 13. Bb1 Qh5 14. h3 b6 15. a3 Ba6 16. Qd2 Bxf1 17. Kxf1 Nbd5 18. Ne4 Nxe4 19. Bxe4 Rac8 20. Re1 Bf6 21. Bg5 Bxg5 22. Nxg5 Nf6 23. Bb1 h6 24. Nf3 Qd5 25. Kg1 Rc7 26. Qf4 Rdc8 27. g4 Qb3 28. Be4 Qxb2 29. Re3 Nxe4 30. Qxe4 Rc1+ 31. Kg2 R1c2 0-1

[Event "Turkish Women-ch Arzum 2022"]
[Site "Ayvalik"]
[Date "2022.03.06"]
[Round "3.3"]
[White "Sahin, Hayrun Nisa"]
[Black "Buyuk, Ecrin Efsa"]
[Result "0-1"]
[ECO "D12"]
[WhiteElo "2014"]
[BlackElo "1565"]
[Annotator "NA"]
[PlyCount "66"]
[EventDate "2022.03.04"]
[EventType "swiss"]
[EventCountry "TUR"]
[SourceTitle "playchess.com"]
[Source "ChessBase"]
[SourceQuality "1"]
[TimeControl "5400+30"]

1. c4 c6 2. d4 d5 3. Nf3 Nf6 4. e3 Bf5 5. Nc3 e6 6. c5 Nbd7 7. b4 Be7 8. Be2 O-O 9. O-O Qc7 10. Bb2 Ne4 11. Nd2 Nxd2 12. Qxd2 e5 13. dxe5 Nxe5 14. f4 Ng6 15. g4 Bc8 16. e4 dxe4 17. Nxe4 f6 18. Bc4+ Kh8 19. h3 Rd8 20. Qc3 b5 21. Bb3 Nxf4 22. Rxf4 Qxf4 23. Re1 h6 24. Re2 a5 25. a3 $2 (25. Qe1 $1 $15) 25... axb4 26. axb4 Ra7 27. Ng3 Bf8 28. Rf2 Qe5 29. Qf3 Qe1+ 30. Kg2 Re8 31. Bc2 Qe3 32. Qd1 $19 Rd7 33. Qc1 Rd4 0-1

[Event "Turkish Women-ch Arzum 2022"]
[Site "Ayvalik"]
[Date "2022.03.06"]
[Round "3.4"]
[White "Yilmaz, Gokcen"]
[Black "Gokbulut, Yulia"]
[Result "1/2-1/2"]
[ECO "B22"]
[WhiteElo "1647"]
[BlackElo "1902"]
[Annotator "NA"]
[PlyCount "128"]
[EventDate "2022.03.04"]
[EventType "swiss"]
[EventCountry "TUR"]
[SourceTitle "playchess.com"]
[Source "ChessBase"]
[SourceQuality "1"]
[TimeControl "5400+30"]

1. e4 c5 2. Nf3 e6 3. c3 d5 4. exd5 Qxd5 5. d4 Nf6 6. Bd3 Be7 7. O-O cxd4 8. cxd4 Nc6 9. Nc3 Qd8 10. h3 Nb4 11. Bb1 Nbd5 12. Bd2 Nxc3 13. Bxc3 Nd5 14. Qd3 Bf6 15. Bc2 Bd7 16. Bb3 Bc6 17. Bd2 O-O 18. Bc2 g6 19. a3 a5 20. Bh6 Bg7 21. Bxg7 Kxg7 22. Ne5 Be8 23. Qd2 Nf6 24. Rfd1 Rc8 25. Rac1 Bc6 26. Qg5 Qd5 27. f3 Rfd8 28. Qe3 Qb5 29. Bb3 Bd5 30. Bxd5 Qxd5 31. Rc3 Qb5 32. Qc1 Rxc3 33. Qxc3 Nd5 34. Qd2 Rc8 35. Ng4 Qa4 36. Qh6+ Kg8 37. Rd2 Rc1+ 38. Kh2 Qc4 39. Ne3 Qc7+ 40. g3 Nxe3 41. Qxe3 Qc4 42. Qf2 $17 (42. g4 $11 {remains equal.}) 42... Rf1 43. Qg2 Qc1 44. Rc2 Rh1+ 45. Qxh1 Qxc2+ 46. Qg2 Qxg2+ 47. Kxg2 Kf8 48. Kf2 Ke7 49. Ke3 Kd6 50. Kd3 Kd5 51. a4 g5 52. b3 h5 53. Ke3 f6 54. Kd3 b6 55. Ke3 e5 56. dxe5 Kxe5 57. Kd3 Kd5 58. f4 gxf4 59. gxf4 h4 60. Ke3 f5 61. Kd3 Kc5 62. Kc3 Kd5 63. Kd3 Kc5 64. Kc3 Kd5 1/2-1/2

[Event "Turkish Women-ch Arzum 2022"]
[Site "Ayvalik"]
[Date "2022.03.06"]
[Round "3.5"]
[White "Catal, Uktenur"]
[Black "Aydogan, Arya"]
[Result "1-0"]
[ECO "E12"]
[WhiteElo "1832"]
[BlackElo "1328"]
[Annotator "NA"]
[PlyCount "75"]
[EventDate "2022.03.04"]
[EventType "swiss"]
[EventCountry "TUR"]
[SourceTitle "playchess.com"]
[Source "ChessBase"]
[SourceQuality "1"]
[TimeControl "5400+30"]

1. Nf3 d5 2. d4 Nf6 3. c4 e6 4. Nc3 a6 5. a4 b6 6. Bg5 Be7 7. e3 Bb7 8. Bd3 Nbd7 9. O-O O-O 10. Qe2 Ne4 11. Bxe7 Qxe7 12. Rfd1 f5 13. Ne1 Ndf6 14. f3 Nd6 15. c5 bxc5 16. dxc5 Nf7 17. c6 Bxc6 18. Bxa6 Nd6 19. b4 Rfb8 20. Nc2 Rb6 21. b5 Bd7 22. a5 Rbb8 23. Na3 Qe8 24. Rdb1 c5 25. Qd2 Qd8 26. Ne2 Nfe8 27. Qc3 c4 28. Qe5 Nf7 29. Qd4 Nc7 30. e4 Nxa6 31. bxa6 Bc6 32. exf5 exf5 33. Nf4 Rxa6 34. Ne6 Rxb1+ 35. Rxb1 Qf6 36. Rb8+ Nd8 37. Rxd8+ Kf7 38. Rf8+ 1-0

[Event "Turkish Women-ch Arzum 2022"]
[Site "Ayvalik"]
[Date "2022.03.06"]
[Round "3.6"]
[White "Gur, Tuba"]
[Black "Acar, Ilayda"]
[Result "0-1"]
[ECO "A65"]
[WhiteElo "1750"]
[BlackElo "1460"]
[Annotator "NA"]
[PlyCount "65"]
[EventDate "2022.03.04"]
[EventType "swiss"]
[EventCountry "TUR"]
[SourceTitle "playchess.com"]
[Source "ChessBase"]
[SourceQuality "1"]
[TimeControl "5400+30"]

1. c4 Nf6 2. Nc3 e6 3. d4 c5 4. d5 exd5 5. cxd5 d6 6. e4 a6 7. a4 g6 8. Bg5 Bg7 9. f4 O-O 10. Nf3 Bg4 11. Be2 Bxf3 12. Bxf3 Nbd7 13. O-O Re8 14. Re1 Rb8 15. a5 b5 16. axb6 Qxb6 17. Ra2 c4+ 18. Kh1 Nc5 19. Bh4 Nd3 20. Re2 Nxf4 21. Rd2 Nd3 22. Qa4 Nb4 23. Ra1 Rec8 24. Bf2 Qd8 25. Na2 Nd3 26. Qa3 Ne8 27. Nc3 Nc7 28. Bg4 Rb3 29. Qxb3 Nxf2+ 30. Rxf2 cxb3 31. Bxc8 Qxc8 32. Raf1 Qe8 33. Na4 0-1

[Event "Turkish Women-ch Arzum 2022"]
[Site "Ayvalik"]
[Date "2022.03.06"]
[Round "3.7"]
[White "Tanir, Simay"]
[Black "Kalayci, Nino"]
[Result "0-1"]
[ECO "D36"]
[WhiteElo "1510"]
[BlackElo "1775"]
[Annotator "NA"]
[PlyCount "94"]
[EventDate "2022.03.04"]
[EventType "swiss"]
[EventCountry "TUR"]
[SourceTitle "playchess.com"]
[Source "ChessBase"]
[SourceQuality "1"]
[TimeControl "5400+30"]

1. d4 d5 2. c4 e6 3. Nc3 Nf6 4. cxd5 exd5 5. Bg5 Be7 6. e3 O-O 7. Bd3 c6 8. Qc2 Nbd7 9. Nf3 Re8 10. O-O Nf8 11. h3 h6 12. Bxf6 Bxf6 13. b4 b6 14. Rac1 Bb7 15. Nb1 Rc8 16. Nbd2 Ne6 17. Nb3 Qe7 18. Qd2 a5 19. bxa5 c5 20. Bb5 c4 21. Bxe8 Rxe8 22. axb6 cxb3 23. axb3 Qd6 24. Rc2 Qxb6 25. Rfc1 Nd8 26. b4 Nc6 27. Rb2 Be7 28. b5 Na5 29. Ne5 Bd6 30. Ra1 Nc4 31. Nxc4 dxc4 32. Qc3 Rc8 33. Ra4 Bb8 34. Rxc4 Rxc4 35. Qxc4 Qd6 36. g3 Qg6 37. d5 Qf5 38. e4 Qe5 39. Rd2 Ba7 40. Kf1 Qa1+ 41. Kg2 Qe5 42. f4 Qa1 43. d6 Qg1+ 44. Kf3 Qe3+ 45. Kg4 Qxd2 46. Qc7 Qe2+ 47. Kh4 g6 0-1

[Event "Turkish Women-ch Arzum 2022"]
[Site "Ayvalik"]
[Date "2022.03.06"]
[Round "3.8"]
[White "Aydin, Gulenay"]
[Black "Can, Isil"]
[Result "0-1"]
[ECO "D46"]
[WhiteElo "2069"]
[BlackElo "1875"]
[Annotator "NA"]
[PlyCount "94"]
[EventDate "2022.03.04"]
[EventType "swiss"]
[EventCountry "TUR"]
[SourceTitle "playchess.com"]
[Source "ChessBase"]
[SourceQuality "1"]
[TimeControl "5400+30"]

1. d4 d5 2. c4 e6 3. Nc3 Nf6 4. e3 c6 5. Nf3 Nbd7 6. Bd3 Bd6 7. O-O O-O 8. e4 dxc4 9. Bxc4 e5 10. Re1 h6 11. h3 Qc7 12. Bb3 a6 13. Be3 exd4 14. Nxd4 Nc5 15. Bc2 Re8 16. Qf3 b5 17. a3 Ncd7 18. Rad1 Ne5 19. Qe2 Nc4 20. Bc1 Be5 21. Bb3 Nb6 22. Bc2 c5 23. Nf3 Bxc3 24. bxc3 Bb7 25. e5 Nc4 26. Qd3 Nxe5 27. Nxe5 Rxe5 28. Rxe5 Qxe5 29. Be3 Be4 30. Qd2 Re8 31. a4 Re7 32. axb5 axb5 33. Bb3 c4 34. Bc2 Rd7 (34... Bxc2 $19 35. Qxc2 Nd5) 35. Bd4 Qf5 36. Bxe4 Nxe4 37. Qc2 Qg6 38. Re1 Re7 39. Rb1 Nxc3 40. Qxg6 Ne2+ 41. Kf1 fxg6 42. Re1 {[%emt 0:00:30] [#]} Nxd4 $1 43. Rxe7 $19 c3 44. Ke1 b4 45. Kd1 b3 46. Rb7 b2 47. Rb8+ Kh7 0-1

[Event "Turkish Women-ch Arzum 2022"]
[Site "Ayvalik"]
[Date "2022.03.06"]
[Round "3.9"]
[White "Caglar, Sila"]
[Black "Incecik, Seyma Zeynep"]
[Result "0-1"]
[ECO "B12"]
[WhiteElo "2200"]
[BlackElo "1777"]
[Annotator "ChessBase"]
[PlyCount "112"]
[EventDate "2022.03.04"]
[EventType "swiss"]
[EventCountry "TUR"]
[SourceTitle "playchess.com"]
[Source "ChessBase"]
[SourceQuality "1"]
[TimeControl "5400+30"]

1. e4 c6 2. d4 d5 3. e5 Bf5 4. Ne2 e6 5. Ng3 Bg6 6. Be2 c5 7. h4 h6 8. h5 Bh7 9. dxc5 Bxc5 10. Nd2 Nc6 11. Nf3 Qb6 12. O-O O-O-O 13. c3 d4 14. b4 d3 15. bxc5 Qxc5 16. Be3 Qa5 17. Bd4 dxe2 18. Qxe2 Nge7 19. Ne4 Bxe4 20. Qxe4 Qd5 21. Qe2 Nf5 22. Rfd1 Qa5 23. Rab1 Rd5 24. Qc4 Qc7 25. g4 Nfe7 26. Rb2 Na5 27. Qxc7+ Kxc7 28. Rdb1 b6 29. c4 Nxc4 30. Rc2 b5 31. Bxa7 Nc6 32. Be3 Na3 33. Rxc6+ Kxc6 34. Rc1+ Kd7 35. Kg2 Rc8 36. Rh1 Rc2 37. g5 Nc4 38. Bf4 hxg5 39. Bg3 g4 40. Ng5 Nxe5 41. h6 gxh6 42. Rxh6 Nf3 43. Ne4 Rd4 44. Nf6+ Kc6 45. Rh8 Rxa2 46. Rc8+ Kb6 47. Rg8 Raa4 48. Rg7 b4 49. Rxf7 b3 50. Rf8 Ra7 51. Re8 b2 52. Rxe6+ Kb5 53. Ne4 Rxe4 54. Rxe4 b1=Q 55. Rxg4 Qg1+ 56. Kxf3 Qd1+ 0-1

[Event "Turkish Women-ch Arzum 2022"]
[Site "Ayvalik"]
[Date "2022.03.06"]
[Round "3.10"]
[White "Engel, Ecrin Tuana"]
[Black "Kocyigit, Buse Naz"]
[Result "0-1"]
[ECO "A48"]
[WhiteElo "1250"]
[BlackElo "2023"]
[Annotator "NA"]
[PlyCount "116"]
[EventDate "2022.03.04"]
[EventType "swiss"]
[EventCountry "TUR"]
[SourceTitle "playchess.com"]
[Source "ChessBase"]
[SourceQuality "1"]
[TimeControl "5400+30"]

1. d4 Nf6 2. Bf4 g6 3. Nf3 Bg7 4. e3 O-O 5. Be2 c5 6. c4 cxd4 7. exd4 d5 8. Nbd2 Nc6 9. O-O Ne4 10. Be5 Nxe5 11. dxe5 Nxd2 12. Qxd2 dxc4 13. Qxd8 Rxd8 14. Bxc4 Bg4 15. Ng5 e6 16. h3 Bf5 17. f4 Rd4 18. Bb3 h6 19. Nf3 Rxf4 20. Rad1 Be4 21. Nh2 $2 (21. Rd4 $17 {might work better.}) 21... Rxf1+ 22. Rxf1 Bxe5 23. Ng4 Bg7 24. Rf4 Bc6 25. Kf1 Rd8 26. Rf2 h5 27. Ne3 Rd3 28. Nc4 b5 29. Na5 Be4 30. Bc2 Re3 31. Bxe4 Rxe4 32. Nc6 a6 33. Ne7+ Kf8 34. Nxg6+ Ke8 35. Nf4 Bd4 36. Nxh5 Rh4 37. Rf4 Rxf4+ ({Worse is} 37... Rxh5 38. Rxd4 Ke7 39. Kf2 $11) 38. Nxf4 Bxb2 39. g4 Ke7 40. Nd3 Bc3 41. Nc5 a5 42. Ne4 Bd4 43. Ke2 f5 44. gxf5 exf5 45. Kd3 (45. Ng3 $142 Kf6 46. Kd3) 45... Be5 46. Nc5 Kf6 47. Nd7+ $19 Ke6 48. Nc5+ Kd5 49. Nd7 Bg3 50. Nf6+ Kc5 51. Nh5 Be5 52. Kc2 Kb4 53. h4 Ka3 54. Kb1 b4 55. Ng3 Bxg3 56. h5 a4 57. h6 b3 58. axb3 Kxb3 0-1

[Event "Turkish Women-ch Arzum 2022"]
[Site "Ayvalik"]
[Date "2022.03.06"]
[Round "3.11"]
[White "Acarbay, Algi"]
[Black "Karatiken, Seray"]
[Result "0-1"]
[ECO "B51"]
[WhiteElo "1992"]
[BlackElo "1717"]
[Annotator "ChessBase"]
[PlyCount "62"]
[EventDate "2022.03.04"]
[EventType "swiss"]
[EventCountry "TUR"]
[SourceTitle "playchess.com"]
[Source "ChessBase"]
[SourceQuality "1"]
[TimeControl "5400+30"]

1. e4 c5 2. Nf3 d6 3. Bb5+ Nd7 4. d4 cxd4 5. Qxd4 a6 6. Bxd7+ Bxd7 7. c4 Nf6 8. Bg5 e6 9. Nc3 Bc6 10. O-O Be7 11. Rfd1 O-O 12. a4 Qa5 13. b3 Rfe8 14. Bh4 Rad8 15. Rab1 Qc5 16. Qd3 d5 17. cxd5 exd5 18. exd5 Nxd5 19. Ne4 Qb4 20. Bxe7 Qxe7 21. Neg5 Nf6 22. Qc3 h6 23. Re1 Qd6 24. Nh3 Ng4 25. Rbd1 Rxe1+ 26. Rxe1 Bxf3 27. Qxf3 Qxh2+ 28. Kf1 Qh1+ 29. Ke2 Re8+ 30. Kd3 Qxe1 31. Qxg4 Rd8+ 0-1

[Event "Turkish Women-ch Arzum 2022"]
[Site "Ayvalik"]
[Date "2022.03.06"]
[Round "3.12"]
[White "Ince, Safiye Oyku"]
[Black "Kucuk, Aybike"]
[Result "1-0"]
[ECO "B43"]
[WhiteElo "1893"]
[BlackElo "1439"]
[Annotator "NA"]
[PlyCount "51"]
[EventDate "2022.03.04"]
[EventType "swiss"]
[EventCountry "TUR"]
[SourceTitle "playchess.com"]
[Source "ChessBase"]
[SourceQuality "1"]
[TimeControl "5400+30"]

1. e4 c5 2. Nf3 e6 3. d4 cxd4 4. Nxd4 a6 5. Nc3 b5 6. g3 Bb7 7. Bg2 Qc7 8. O-O Nf6 9. Re1 d6 10. a4 b4 11. Nd5 Qd8 12. Nxf6+ gxf6 13. Qh5 e5 14. Ne6 Qe7 15. Nxf8 Qxf8 16. Bh6 Qg8 17. Rad1 Ke7 18. f4 Qg6 19. Qh4 Nc6 20. Bh3 Bc8 21. Bf5 Qg8 22. fxe5 Nxe5 23. Rf1 Be6 24. Bxe6 fxe6 25. Qxf6+ Kd7 26. Qxe5 1-0